 Dungeon Crawl Stone Soup version 0.20.1-1-g8b1a95d (webtiles) character file.

952 Kingsmith the Fighter (level 8, 0/49 HPs)
             Began as a Vine Stalker Fighter on Dec 8, 2017.
             Slain by an orc
             ... wielding a +0 flail
              (1 damage)
             ... on level 5 of the Dungeon.
             The game lasted 00:06:18 (3500 turns).

Kingsmith the Fighter (Vine Stalker Fighter)        Turns: 3500, Time: 00:06:19

Health: 0/49       AC: 17    Str: 22    XL:     8   Next: 13%
Magic:  0/9        EV:  6    Int:  8    God:
Gold:   333        SH:  0    Dex: 13    Spells: 7/7 levels left

rFire    . . .     SeeInvis .   i - +2 dagger (holy)
rCold    . . .     Gourm    .   (no shield)
rNeg     . . .     Faith    .   m - +4 plate armour
rPois    .         Spirit   +   h - +0 helmet
rElec    .         Reflect  .   w - +0 cloak {MR+}
rCorr    .         Harm     .   (no gloves)
MR       ++...                  (no boots)
Stlth    ..........             (no amulet)
Regen    0.6/turn               (no ring)
MPRegen  0.2/turn               (no ring)

@: lethally poisoned (0 -> -11)
A: fangs 3, regeneration 1, magic shield, antimagic bite, no potion heal 3, rot
immunity
a: no special abilities


You were on level 5 of the Dungeon.
You were hungry.

You visited 1 branch of the dungeon, and saw 5 of its levels.

You collected 333 gold pieces.

Inventory:

Hand Weapons
 i - a +2 dagger of holy wrath (weapon)
 v - a +2 quarterstaff of chaos
Armour
 a - a +0 scale mail
 b - a +0 shield
 h - a +0 helmet (worn)
 m - a +4 plate armour (worn)
 w - a +0 cloak of magic resistance (worn)
Jewellery
 x - the ring "Kamuibb" {Str+4 Int+3 Dex+4, unknown}
   (You found it on level 4 of the Dungeon)

   [ring of intelligence]

   It affects your strength (+4).
   It affects your intelligence (+3).
   It affects your dexterity (+4).
 B - a cursed ring of loudness {unknown}
Scrolls
 f - 8 scrolls of remove curse
 g - 2 scrolls of enchant armour {unknown}
 j - 2 scrolls of recharging
 n - 2 scrolls of teleportation
 o - 2 scrolls of fear {unknown}
 p - a scroll of amnesia {unknown}
 q - a scroll of fog {unknown}
 s - 3 scrolls of magic mapping {unknown}
 y - a scroll of random uselessness {unknown}
 C - 2 scrolls of identify {unknown}
Potions
 c - a potion of might
 e - a potion of flight {unknown}
 r - a potion of magic {unknown}
 t - a potion of curing {unknown}
 u - a potion of brilliance {unknown}
 z - a potion of degeneration {unknown}
 A - a potion of ambrosia {unknown}
Comestibles
 d - 6 bread rations
 k - 5 fruits
 l - 4 meat rations
 D - a royal jelly


   Skills:
 + Level 8.8 Fighting
 - Level 2.4 Armour
 - Level 2.6 Shields
 - Level 2.0 Unarmed Combat


You had 7 spell levels left.
You didn't know any spells.

Dungeon Overview and Level Annotations

Branches:
Dungeon (5/15)
 Temple: D:4-7

Altars:


Innate Abilities, Weirdness & Mutations

You have razor-sharp teeth.
Your natural rate of healing is unusually fast.
When hurt, damage is shared between your health and your magic reserves.
Your bite disrupts and absorbs the magic of your enemies.
Potions cannot restore your health.
You are immune to rotting.


Message History

The orc priest begins to cast a cantrip, but forgets the words!
The orc hits you with a flail!
* * * LOW HITPOINT WARNING * * *
Unknown command.
Unknown command.
Okay, then.
* * * LOW HITPOINT WARNING * * *
You feel sick.
The orc warrior hits you with a long sword.
* * * LOW HITPOINT WARNING * * *
Something hits you but does no damage.
You hit the orc. Your bite misses the orc.
The orc is severely wounded.
* * * LOW HITPOINT WARNING * * *
You feel sick.
The orc warrior hits you but does no damage.
Something hits you but does no damage.
You are more poisoned.
The orc hits you with a flail.
You die...

..# #.......#
..########.......#
.................#
.#########.......########
..#..............†.......
.....###.#.......########
.....###.####.##.##
...#.##...###.#...####
.....##.#.......@....#
.######...###.#oo{##.######
..# ##### #.##o#.........
..# ##.#...........# #.#
####.........####># #.#
#.........#.######.## #.#
#.# #.......)....>..#
#.######.###..#..#.######..#
........(........#.# #..#


You could see an orc warrior, an orc priest and an orc.

Vanquished Creatures
  Eustachio (D:4)
  The ghost of Kingsmith the Magician, an amateur SpIE (D:4)
  A sky beast (D:3)
  An ogre (D:5)
  A crimson imp (D:5)
  2 hounds (D:5)
  2 orc priests
  Crazy Yiuf (D:3)
  3 iguanas
  2 worker ants
  A hound skeleton (D:4)
  3 gnolls (D:3)
  4 adders
  A shadow imp (D:5)
  An adder skeleton (D:5)
  3 worms
  A leopard gecko (D:4)
  13 orcs
  6 giant cockroaches
  10 goblins
  5 hobgoblins
  7 jackals
  A quokka (D:3)
  A ball python (D:5)
  6 bats
  4 frilled lizards
  A giant cockroach zombie (D:5)
  5 kobolds
  A leopard gecko skeleton (D:4)
  A quokka zombie (D:5)
  6 rats
  A fungus (D:3)
97 creatures vanquished.

Notes
Turn   | Place    | Note
-------+----------+-------------------------------------------
     0 | D:1      | Kingsmith the Vine Stalker Fighter began the quest for the Orb.
     0 | D:1      | Reached XP level 1. HP: 11/11 MP: 2/2
    59 | D:1      | Reached skill level 3 in Fighting
    73 | D:1      | Reached XP level 2. HP: 14/16 MP: 3/3
   413 | D:1      | Reached XP level 3. HP: 10/21 MP: 4/4
   903 | D:2      | Reached skill level 4 in Fighting
  1518 | D:3      | Gained mutation: Your natural rate of healing is unusually fast. [Vine Stalker growth]
  1518 | D:3      | Reached XP level 4. HP: 26/26 MP: 5/5
  1704 | D:3      | Found a faded altar of an unknown god.
  1879 | D:3      | Reached skill level 5 in Fighting
  1927 | D:3      | Found a runed door.
  1931 | D:3      | Noticed Crazy Yiuf
  1938 | D:3      | HP: 1/27 [Crazy Yiuf/quarterstaff of chaos (15)]
  1972 | D:3      | Killed Crazy Yiuf
  1972 | D:3      | Reached XP level 5. HP: 7/30 MP: 6/6
  2082 | D:3      | Noticed a sky beast
  2089 | D:3      | Killed a sky beast
  2089 | D:3      | Reached skill level 6 in Fighting
  2089 | D:3      | Reached XP level 6. HP: 31/36 MP: 7/7
  2186 | D:4      | Noticed Eustachio
  2192 | D:4      | Killed Eustachio
  2211 | D:4      | Noticed Kingsmith's ghost (amateur SpIE)
  2247 | D:4      | Killed Kingsmith's ghost
  2247 | D:4      | Reached skill level 7 in Fighting
  2247 | D:4      | Reached XP level 7. HP: 11/42 MP: 4/8
  2618 | D:4      | Got a brightly glowing marble ring
  3015 | D:5      | Entered Level 5 of the Dungeon
  3189 | D:5      | Reached skill level 8 in Fighting
  3196 | D:5      | Paralysed by fainting for 8 turns
  3331 | D:5      | HP: 2/43 [ogre/giant club (6)]
  3332 | D:5      | Gained mutation: You have razor-sharp teeth. [Vine Stalker growth]
  3332 | D:5      | Reached XP level 8. HP: 2/48 MP: 2/9
  3499 | D:5      | HP: 2/49 [orc warrior/long sword (1)]
  3500 | D:5      | Slain by an orc

Skill      XL: |  1  2  3  4  5  6  7 |
---------------+----------------------+-----
Fighting       | 3 4 5 6 7 8 |  8.8
Armour         | |  2.4
Shields        | |  2.6
Unarmed Combat | |  2.0

Action                   |  1- 3 |  4- 6 |  7- 9 || total
-------------------------+-------+-------+-------++-------
Melee: Unarmed           |    79 |       |       ||    79
       Bite              |    35 |    43 |    39 ||   117
       Dagger            |    50 |    63 |    30 ||   143
       Punch             |     1 |       |       ||     1
       Quarterstaff      |       |    31 |    86 ||   117
  Use: Scroll            |     3 |       |       ||     3
  Eat: Chunk             |     2 |     2 |     4 ||     8
Armor: Scale mail        |    54 |       |       ||    54
       Plate armour      |     9 |    55 |    88 ||   152
Dodge: Dodged            |    74 |    19 |    26 ||   119
